Map: Abiogenesis LE

Players

Infamous

  • Race: Zerg Zerg
  • League: Silver
  • Spawn Location: 11:00

RedPyro - Winner!

  • Race: Terran Terran
  • Spawn Location: 5:00

VOD

Have the link to the VOD?

Description

Time

  • Played on: March 18, 2018, 8:16 p.m.
  • Length: 12:03
Show
View Real Time Build Order
Export as new Build Order

Infamous Zerg 

Build Orders: Pool First 

Get SALT Encoding   

  12  0:02  Drone  
  13  0:15  Drone  
  14  0:27  Overlord  
  14  0:39  Spawning Pool  
  14  0:40  Drone  
  14  0:50  Drone  
  14  0:54  Drone  
  16  1:04  Drone  
  16  1:09  Extractor  
  16  1:14  Drone  
  17  1:21  Overlord  
  17  1:25  Queen  
  19  1:35  Drone  
  19  1:37  Zergling x2  
  21  2:03  Hatchery  
  20  2:11  Drone, Overlord  
  21  2:18  Drone  
  21  2:20  Metabolic Boost  
  22  2:30  Drone  
  22  2:33  Roach Warren  
  22  2:36  Queen  
  24  2:51  Zergling x2  
  24  2:52  Drone x2, Overlord  
  24  2:56  Extractor  
  26  3:25  Drone  
  27  3:29  Queen  
  29  3:44  Drone x2  
  31  3:50  Drone  
  31  3:52  Zergling x2  
  31  3:53  Roach x2  
  37  4:01  Drone x2, Spore Crawler  
  39  4:02  Zergling x2  
  39  4:03  Overlord  
  39  4:09  Queen  
  41  4:15  Lair  
  41  4:45  Pneumatized Carapace  
  41  5:06  Drone  
  41  5:13  Drone x3  
  45  5:14  Overlord x2, Zergling x6  
  47  5:21  Queen  
  47  5:27  Queen  
  51  5:39  Zergling x6  
  51  5:40  Zergling x8  
  47  6:19  Zergling x8  
  47  6:20  Zergling x8  
  49  6:55  Roach x6  
  49  6:56  Roach x3  
  49  7:00  Overlord  
  49  7:01  Overlord  
  67  7:32  Overlord  
  67  7:33  Zergling x8  
  67  7:34  Zergling x6, Roach  
  67  7:35  Roach  
  70  7:45  Ravager  
  70  7:47  Ravager x3  
  70  7:48  Ravager  
  75  8:00  Extractor  
  75  8:02  Drone  
  75  8:03  Drone x2  
  75  8:04  Extractor  
  73  8:12  Hatchery  
  68  8:30  Zergling x2  
  68  8:31  Zergling x10  
  68  8:32  Zergling x6  
  77  9:00  Zergling x8  
  81  9:12  Drone x2  
  81  9:13  Drone  
  84  9:31  Zergling x2, Roach x2  
  89  9:52  Drone  
  90  9:53  Overlord  
  90  9:57  Overlord  
  90  9:58  Overlord  
  63  10:43  Zergling x12  
  63  10:44  Zergling x6  
  72  11:00  Drone  
  44  11:29  Roach x2  
  44  11:30  Roach x4  
  51  11:43  Infestation Pit  
Show
View Real Time Build Order
Export as new Build Order

RedPyro Terran - Winner!

Build Orders:  

Get SALT Encoding   

  12  0:14  Supply Depot  
  12  0:24  SCV  
  12  0:26  Supply Depot  
  13  0:36  SCV  
  14  0:48  Barracks, SCV  
  16  1:04  SCV, Refinery  
  16  1:43  SCV  
  17  1:55  SCV  
  18  2:05  Marine  
  18  2:07  SCV  
  20  2:17  Factory  
  20  2:19  SCV  
  21  2:23  Marine  
  22  2:40  Marine  
  23  2:58  Marine  
  23  3:00  Refinery  
  24  3:08  Supply Depot  
  24  3:16  Marine  
  25  3:20  SCV  
  26  3:28  Armory  
  26  3:32  SCV  
  27  3:44  SCV  
  27  3:46  Barracks  
  28  3:49  Factory Reactor  
  28  3:57  SCV  
  29  4:03  Marine  
  29  4:09  SCV  
  31  4:21  Marine  
  32  4:27  Hellbat x2  
  36  4:37  Supply Depot  
  36  4:39  Marine  
  37  4:49  Hellbat  
  39  4:57  Marine  
  39  4:59  Hellbat  
  41  5:10  Hellbat  
  43  5:15  Marine  
  43  5:20  Hellbat  
  46  5:23  Terran Vehicle And Ship Armor Level 1  
  46  5:47  Supply Depot  
  46  5:55  Command Center  
  46  5:56  Marine  
  47  6:08  Marine, Hellbat x2  
  51  6:12  Hellion x3  
  51  6:14  Marine  
  37  6:26  Marine  
  37  6:30  Hellbat x2  
  37  6:32  Marine  
  43  6:43  Marine  
  44  6:50  Marine  
  44  6:51  Hellbat x2  
  43  7:01  Supply Depot, Marine  
  43  7:07  Marine  
  43  7:08  SCV  
  46  7:13  Hellbat x2  
  50  7:19  Marine  
  51  7:25  Marine  
  51  7:29  SCV  
  53  7:34  Hellbat x2  
  57  7:37  Marine  
  57  7:41  SCV  
  57  7:43  Marine  
  60  7:53  SCV  
  60  7:55  Marine, Hellbat x2  
  66  8:01  Marine  
  67  8:05  SCV  
  67  8:11  Terran Vehicle And Ship Armor Level 2  
  68  8:13  Marine  
  68  8:17  Hellbat x2  
  68  8:18  SCV  
  68  8:19  Marine  
  75  8:20  Orbital Command  
  75  8:30  Marine, SCV  
  77  8:37  Marine  
  78  9:27  Supply Depot  
  78  9:34  Supply Depot  
  78  9:49  Marine x2, Hellbat x2, SCV  
  78  9:52  Supply Depot  
  85  10:01  SCV  
  85  10:06  Marine x2  
  88  10:10  Starport  
  88  10:11  Hellion, Hellbat  
  88  10:13  SCV  
  93  10:17  Command Center  
  93  10:24  Marine  
  93  10:25  SCV  
  95  10:32  Hellbat x2  
  88  10:37  SCV  
  88  10:42  Marine  
  84  10:49  SCV  
  85  10:53  Hellbat x2  
  89  11:00  Marine  
  89  11:01  SCV  
  91  11:12  Marine  
  91  11:13  SCV  
  91  11:15  Hellbat x2  
  91  11:18  Marine  
  88  11:26  SCV  
  88  11:30  Marine  
  90  11:35  Marine  
  90  11:36  Hellbat x2  
Tags
 
League
Silver
Matchup
TvZ
Opening
Pool First
Replay Pack
Last Remnant (2)
Spawn Locations
Cross Positions
Add a new tag
Caveats
  • Supply blocks, unpowered buildings, or Contaminate may cause inaccurate times.
  • Supply counts are checked every 10 seconds.